 Dungeon Crawl Stone Soup version 0.22-a0-166-g5351223 (webtiles) character file.

19230 Borgoz the Schismatic (level 12, -3/112 HPs)
             Began as a Hill Orc Abyssal Knight on Feb 13, 2018.
             Was an Elder of Lugonu.
             Killed from afar by an ice statue (7 damage)
             ... with a bolt of cold
             ... in an ice cave.
             The game lasted 00:41:43 (18135 turns).

Borgoz the Schismatic (Hill Orc Abyssal Knight)    Turns: 18135, Time: 00:41:44

Health: -3/112     AC: 13    Str: 26    XL:     12   Next: 66%
Magic:  30/30      EV: 17    Int: 12    God:    Lugonu [****..]
Gold:   998        SH:  0    Dex: 18    Spells: 11/11 levels left

rFire    + . .     SeeInvis +   b - +9 mace of Action {vamp, Str+8}
rCold    + . .     Gourm    .   (no shield)
rNeg     + . .     Faith    .   d - +1 ring mail "Duevve" {rN+ MR+ SInv}
rPois    +         Spirit   .   i - +0 hat {MR+}
rElec    .         Reflect  .   y - +0 cloak {rPois}
rCorr    .         Harm     .   (no gloves)
MR       ++...                  q - +2 pair of boots of the Assassin {Detection Stab+ Stlth++}
Stlth    +++.......             l - amulet of rage
HPRegen  0.28/turn              r - ring "Juwker Fiky" {+Blink rF+ MP+9 Dex+6}
MPRegen  0.22/turn              g - ring of protection from cold

@: studying Armour
A: no striking features
a: Depart the Abyss, Bend Space, Banish, Corrupt, Renounce Religion, Evoke
Blink, Evoke Berserk Rage


You were in an ice cave.
You worshipped Lugonu.
Lugonu was greatly pleased with you.
You were hungry.

You visited 3 branches of the dungeon, and saw 15 of its levels.
You visited the Abyss 2 times.
You also visited: Bailey and Ice Cave.

You collected 998 gold pieces.

Inventory:

Hand Weapons
 b - the +9 mace of Action (weapon) {vamp, Str+8}
   (You found it on level 5 of the Dungeon)

   It inflicts no extra harm, but heals its wielder when it wounds a living foe.
   It affects your strength (+8).
 o - a +0 long sword
Armour
 d - the +1 ring mail "Duevve" (worn) {rN+ MR+ SInv}
   (You found it in a bailey)

   It protects you from negative energy.
   It affects your resistance to hostile enchantments.
   It lets you see invisible.
 i - a +0 hat of magic resistance (worn)
 q - the +2 pair of boots of the Assassin (worn) {Detection Stab+ Stlth++}
   (You acquired it in a bailey)

   It makes you much more stealthy.
 y - a +0 cloak of poison resistance (worn)
Jewellery
 g - a ring of protection from cold (right hand)
 l - an amulet of rage (around neck)
 n - a +3 ring of dexterity
 r - the ring "Juwker Fiky" (left hand) {+Blink rF+ MP+9 Dex+6}
   (You acquired it in a bailey)

   [ring of magical power]

   It affects your dexterity (+6).
   It protects you from fire.
   It affects your magic capacity (+9).
   It lets you blink.
 A - the ring "Nuhapram" {+Blink rF- rN+++ Int+3 Dex+5}
   (You found it on level 1 of the Lair of Beasts)

   [ring of dexterity]

   It affects your intelligence (+3).
   It affects your dexterity (+5).
   It makes you vulnerable to fire.
   It renders you almost immune to negative energy.
   It lets you blink.
 J - an uncursed ring of wizardry
Wands
 p - a wand of paralysis (14)
 x - a wand of random effects (37)
 z - a wand of acid (10)
 D - a wand of iceblast (20)
 F - a wand of digging (11)
 I - a wand of polymorph (8)
Scrolls
 j - 3 scrolls of immolation
 k - a scroll of noise {unknown}
 m - 5 scrolls of fear
 s - 2 scrolls of remove curse
 u - 2 scrolls of enchant armour
 w - 3 scrolls of teleportation
 B - a scroll of enchant weapon
 E - 4 scrolls of blinking
 G - a scroll of summoning {unknown}
 H - a scroll of amnesia
Potions
 a - 3 potions of flight
 h - 2 potions of resistance
 v - a potion of curing
 C - a potion of ambrosia {unknown}
Books
 f - a manual of Armour
Comestibles
 c - 32 rations
 K - 2 chunks of flesh


   Skills:
 + Level 12.0 Fighting
   Level 5.5 Axes
 + Level 11.3 Armour
 + Level 8.3 Dodging
 + Level 12.6 Invocations
 - Level 5.4 Evocations


You had 11 spell levels left.
You didn't know any spells.

Dungeon Overview and Level Annotations

Branches:
Dungeon (12/15)            Temple (1/1) D:7            Lair (2/6) D:9
  Snake (0/4) Lair:2          Orc (0/2) D:11
  Swamp: Lair:2-4    Shoals: Lair:2-4

Altars:
Ashenzari
Cheibriados
Dithmenos
Elyvilon
Fedhas
Gozag
Hepliaklqana
Kikubaaqudgha
Makhleb
Nemelex Xobeh
Okawaru
Qazlal
Ru
Sif Muna
Trog
Uskayaw
Vehumet
Wu Jian
Xom
Yredelemnul
Zin
The Shining One

Shops:
D:4 (   D:6 (

Annotations:
IceCv exclusion: ice statue


Message History

The ice beast barely misses you. The ice statue gestures at you.
The bolt of cold hits you! You resist.
* * * LOW HITPOINT WARNING * * *
The ice beast barely misses you.
You fail to use your ability.
The ice beast closely misses you.
The ice beast hits you but does no damage.
The ice statue gestures at you. The freezing blast engulfs you! You resist.
* * * LOW HITPOINT WARNING * * *
The ice beast hits you but does no damage.
You hit the ice statue.
The ice statue is severely damaged.
You are engulfed in freezing vapours.
You resist.
* * * LOW HITPOINT WARNING * * *
The ice beast hits you but does no damage.
The ice beast closely misses you. The ice statue gestures at you.
The bolt of cold hits you! You resist.
You die...

{ ########
##.#§§..##
#####..§§##..##
##..∩##.§####§§#
#∩..####..###§§#
#....# #..##.Y@#
#...####...##Y8Y#
##..####...####§§.#
#.†.##...### #.###
#.÷##...## [#.
#......## # .
##...### # #####


You could see an ice statue and 3 ice beasts.

Vanquished Creatures
  Harold (Lair:1)
  A hydra (D:9)
  3 two-headed ogres
  A tengu warrior (D:9)
  A swamp dragon (Lair:1)
  An orc knight (Bailey)
  The ghost of crawlian the Firebug, a novice DEFE (D:6)
  A black mamba (Lair:1)
  2 spiny frogs (Lair:1)
  2 kobold demonologists (Bailey)
  A merfolk (D:9)
  A queen bee (Lair:1)
  The ghost of mhoghedin the Tainter, an amateur NaVM (D:4)
  A troll (D:10)
  A polar bear (IceCv)
  3 hippogriffs
  2 basilisks (D:9)
  5 yaks
  A hungry ghost (D:10)
  Menkaure (D:7)
  A warg (D:11)
  An acid dragon (D:11)
  3 water moccasins (Lair:1)
  12 orc warriors
  4 porcupines
  5 ice beasts
  3 sky beasts
  2 phantoms
  7 necrophages
  3 ogres
  9 crocodiles
  2 wolves (IceCv)
  7 centaurs
  3 big kobolds
  12 bullfrogs
  A wyvern zombie (D:11)
  3 scorpions
  25 killer bees (Lair:1)
  4 wights
  A troll skeleton (D:9)
  4 electric eels (Bailey)
  3 spriggan skeletons (D:9)
  2 crimson imps
  A bullfrog zombie (D:7)
  4 jellies
  9 orc priests
  A bullfrog skeleton (D:5)
  A hound (D:7)
  Crazy Yiuf (D:5)
  12 orc wizards
  3 centaur skeletons
  6 iguanas
  7 worker ants
  A hound zombie (D:5)
  A hound skeleton (D:11)
  2 mummies (D:11)
  2 gnolls (Bailey)
  A howler monkey zombie (D:11)
  11 adders
  3 shadow imps
  An ooze (D:2)
  2 adder skeletons
  2 worms (D:2)
  2 dart slugs (D:1)
  4 leopard geckos
  41 orcs
  3 ball pythons
  5 bats
  8 giant cockroaches
  15 goblins
  10 hobgoblins
  6 jackals
  6 quokkas
  5 frilled lizards
  21 kobolds
  A leopard gecko skeleton (D:8)
  2 quokka skeletons
  10 rats
  A fungus (D:5)
359 creatures vanquished.

Vanquished Creatures (others)
  3 polar bears (IceCv)
  2 yaks (IceCv)
  An orc warrior (Bailey)
  A hobgoblin (Bailey)
  4 fungi (D:9)
  10 plants (D:9)
  2 withered plants (D:11)
23 creatures vanquished.

Grand Total: 382 creatures vanquished

Notes
Turn   | Place    | Note
-------+----------+-------------------------------------------
     0 | Abyss:1  | Borgoz the Hill Orc Abyssal Knight began the quest for the Orb.
     0 | Abyss:1  | Reached XP level 1. HP: 19/19 MP: 2/2
    41 | Abyss:1  | Noticed a starcursed mass
    43 | Abyss:1  | Noticed a small abomination
    43 | Abyss:1  | Noticed a tentacled starspawn
    45 | D:1      | Escaped the Abyss
   209 | D:1      | Reached * piety under Lugonu
   355 | D:1      | Reached skill level 1 in Dodging
   355 | D:1      | Reached XP level 2. HP: 27/27 MP: 3/3
   801 | D:2      | Reached XP level 3. HP: 33/33 MP: 5/5
  1194 | D:2      | Found a faded altar of an unknown god.
  1609 | D:2      | Reached XP level 4. HP: 30/40 MP: 6/6
  1750 | D:2      | Found a shadowy altar of Dithmenos.
  1756 | D:2      | Found a deep blue altar of Sif Muna.
  1759 | D:2      | Found a shattered altar of Ashenzari.
  2164 | D:3      | Reached ** piety under Lugonu
  3722 | D:4      | Noticed mhoghedin's ghost (amateur NaVM)
  3761 | D:4      | Killed mhoghedin's ghost
  3761 | D:4      | Reached XP level 5. HP: 35/47 MP: 6/8
  3761 | D:4      | Reached XP level 6. HP: 41/55 MP: 6/9
  4114 | D:4      | Reached skill level 5 in Fighting
  4285 | D:4      | Noticed an ice beast
  4681 | D:4      | Found Rebay's Weapon Boutique.
  4882 | D:5      | Entered Level 5 of the Dungeon
  4971 | D:5      | Reached XP level 7. HP: 48/61 MP: 10/10
  5323 | D:5      | Found a white marble altar of Elyvilon.
  5407 | D:5      | Reached skill level 5 in Axes
  5407 | D:5      | Reached skill level 5 in Invocations
  5928 | D:5      | Found a runed door.
  5933 | D:5      | Noticed Crazy Yiuf
  5942 | D:5      | Killed Crazy Yiuf
  5949 | D:5      | Got a jewelled mace
  5957 | D:5      | Identified the +9 mace of Action {vamp, Str+8} (You found it on level 5 of the Dungeon)
  6096 | D:6      | Found Roumn's Weapon Emporium.
  6222 | D:6      | Reached XP level 8. HP: 70/70 MP: 12/12
  6404 | D:6      | Reached skill level 5 in Armour
  6408 | D:6      | Found a snail-covered altar of Cheibriados.
  6660 | D:6      | Found a blossoming altar of Fedhas.
  6662 | D:6      | Found a sparkling altar of Nemelex Xobeh.
  6852 | D:6      | Found a hazy altar of Hepliaklqana.
  6885 | D:6      | Noticed crawlian's ghost (novice DEFE)
  6895 | D:6      | Killed crawlian's ghost
  6974 | D:7      | Found a staircase to the Ecumenical Temple.
  7010 | D:6      | Reached XP level 9. HP: 52/79 MP: 14/14
  7212 | Temple   | Entered the Ecumenical Temple
  7495 | D:7      | Found a burning altar of Makhleb.
  7568 | D:7      | Reached *** piety under Lugonu
  7656 | D:7      | Reached skill level 1 in Evocations
  7789 | D:7      | Noticed Menkaure
  7799 | D:7      | Killed Menkaure
  7799 | D:7      | Reached skill level 5 in Dodging
  7991 | D:7      | Noticed a green death
  7994 | D:7      | Noticed a smoke demon
  8059 | D:8      | Found an iron altar of Okawaru.
  8619 | D:8      | Noticed a two-headed ogre
  8629 | D:8      | Killed a two-headed ogre
  8629 | D:8      | Reached XP level 10. HP: 90/90 MP: 16/16
  8816 | D:8      | Found a snail-covered altar of Cheibriados.
  8990 | D:8      | Reached **** piety under Lugonu
 10881 | D:9      | Found a staircase to the Lair.
 10893 | D:9      | Reached skill level 10 in Invocations
 11311 | D:9      | Found a bloodstained altar of Trog.
 11467 | D:9      | Reached XP level 11. HP: 98/98 MP: 18/18
 11840 | D:9      | Reached skill level 10 in Fighting
 11883 | Lair:1   | Entered Level 1 of the Lair of Beasts
 11992 | D:10     | Entered Level 10 of the Dungeon
 12012 | D:10     | Found a flagged portal.
 12038 | Bailey   | Entered a bailey
 12050 | Bailey   | Reached skill level 5 in Evocations
 12248 | Bailey   | Found an iron altar of Okawaru.
 12265 | Bailey   | Reached ***** piety under Lugonu
 12645 | Abyss:1  | Noticed a worldbinder
 12646 | Bailey   | Escaped the Abyss
 12905 | Bailey   | Got an ivory flail
 12917 | Bailey   | Got a pitted ring mail
 12985 | Bailey   | Noticed an orc knight
 13000 | Bailey   | Killed an orc knight
 13296 | Bailey   | Found the +2 pair of boots of the Assassin {Detection Stab+ Stlth++}
 13297 | Bailey   | Got an ancient iron ring
 13313 | Bailey   | Identified the +1 ring mail "Duevve" {rN+ MR+ SInv} (You found it in a bailey)
 13333 | Bailey   | Identified the ring "Juwker Fiky" {+Blink rF+ MP+9 Dex+6} (You acquired it in a bailey)
 13732 | D:10     | Got an ominously black robe
 13733 | D:10     | Identified the cursed +0 flail of Magnificence {venom, rF+} (You found it in a bailey)
 13760 | D:10     | Noticed a tengu warrior
 13763 | D:10     | Noticed a seven-headed hydra
 13797 | D:9      | Killed a tengu warrior
 13920 | D:9      | Killed a seven-headed hydra
 14948 | D:11     | Noticed a two-headed ogre
 14957 | D:11     | Killed a two-headed ogre
 15090 | D:11     | Reached skill level 10 in Armour
 15090 | D:11     | Reached XP level 12. HP: 90/109 MP: 20/20
 15174 | D:11     | Found a staircase to the Orcish Mines.
 15361 | D:11     | Noticed a two-headed ogre
 15386 | D:11     | Killed a two-headed ogre
 16101 | D:11     | Found a shadowy altar of Dithmenos.
 16198 | D:12     | Noticed an eight-headed hydra
 16318 | Lair:1   | Identified the +4 robe "Anuusud" {Regen+ MP+9 Str+2} (You found it on level 10 of the Dungeon)
 16361 | Lair:1   | Found a transporter.
 16428 | Lair:1   | Found a transporter.
 16616 | Lair:1   | Got a twitching marble ring
 16624 | Lair:1   | Identified the ring "Nuhapram" {+Blink rF- rN+++ Int+3 Dex+5} (You found it on level 1 of the Lair of Beasts)
 17163 | Lair:1   | Noticed Harold
 17181 | Lair:1   | Killed Harold
 17756 | Lair:2   | Found a frozen archway.
 17764 | IceCv    | Entered an ice cave
 18135 | IceCv    | HP: 4/112 [ice statue] (9)]
 18135 | IceCv    | Killed from afar by an ice statue

Vault maps used:
D:1:      roderic_chinese_lattice_arrival, minmay_misc_feat_tiny
D:2:      minmay_overflow_temple_star_quad, chequers_ecumenical_altar_simple
D:4:      serial_shops, kennysheep_little_box, lightli_corner_chamber
D:5:      lemuel_round_altar, first_ration, uniq_crazy_yiuf_cottage
D:6:      nicolae_overflow_hidden_temple, lemuel_crystal_altar, serial_shops,
          shop
D:7:      minmay_temple_entry_trees, makhleb_altar_promises_db, uniq_menkaure
D:8:      nicolae_overflow_crystal_walls, cheibriados_altar_1
D:9:      overflow_temple_1_default, minmay_lair_entry_grove, serial_park,
          serial_park_avenue1, hangedman_fish_farm, hangedman_tell_no_tales
D:10:     minmay_ornate_pinched, enter_bailey_2
D:11:     david_orc_1_choice, serial_undead, serial_undead_e, serial_undead_a,
          serial_undead_b, serial_undead_a, nicolae_dithmenos_the_darkroom
Temple:   minmay_temple_bridge_abc
Lair:1:   gammafunk_cloud_chamber, special_room, uniq_harold
Lair:2:   regret_index_harrowing_hell_hive, guppyfry_snake_entry_island,
          portal_ice_cave_entry_pillars_2, hangedman_lair_generics_rect
Abyss:1:  evilmike_abyss_exit_17
Bailey:   bailey_axe_of_yendor_kennysheep, bailey
IceCv:    ice_cave_caverns_03

Skill      XL: |  1  2  3  4  5  6  7  8  9 10 11 12 |
---------------+-------------------------------------+-----
Dodging        | 1 2 3 4 5 6 7 8 |  8.3
Axes           | 3 4 5 |  5.5
Invocations    | 3 4 5 7 9 10 11 12 | 12.6
Fighting       | 4 5 7 8 9 11 12 | 12.0
Armour         | 3 4 6 7 8 10 11 | 11.3
Evocations     | 2 4 5 |  5.4

Action                   |  1- 3 |  4- 6 |  7- 9 | 10-12 || total
-------------------------+-------+-------+-------+-------++-------
Melee: Hand axe          |   137 |   120 |    53 |       ||   310
       Mace              |       |       |   223 |   863 ||  1086
Invok: Depart the Abyss  |     1 |       |       |     1 ||     2
       Banish            |       |       |       |     1 ||     1
       Enter the Abyss   |       |       |       |     1 ||     1
 Abil: Evoke Berserk Rag |       |       |     2 |     3 ||     5
Evoke: Wand              |       |       |       |     3 ||     3
  Use: Potion            |       |     4 |     2 |    10 ||    16
       Scroll            |       |       |    11 |    16 ||    27
 Stab: Sleeping          |       |       |       |    14 ||    14
  Eat: Chunk             |     2 |     7 |    11 |    29 ||    49
       Ration            |       |     1 |     2 |     2 ||     5
Armor: Scale mail        |    71 |    61 |   116 |   133 ||   381
       Skin              |       |    22 |       |   388 ||   410
       Ring mail         |       |       |       |   165 ||   165
Dodge: Dodged            |    82 |    61 |   196 |   767 ||  1106

Table legend:
 A = Spawn XP
 B = Non-spawn XP
 C = Spawn XP percentage of total XP
 D = Spawn monster count
 E = Non-spawn monster count
 F = Spawn count percentage of total count
 G = Total turns spent on level
                    A         B        C        D         E        F      G
               +---------+---------+-------+---------+---------+-------+---------
         Total |       0 |   27472 |   0.0 |       0 |     359 |   0.0 | 18135
               +---------+---------+-------+---------+---------+-------+---------
           D:1 |       0 |      33 |   0.0 |       0 |      18 |   0.0 |   742
           D:2 |       0 |      68 |   0.0 |       0 |      23 |   0.0 |  1024
           D:3 |       0 |      50 |   0.0 |       0 |      16 |   0.0 |  1727
           D:4 |       0 |     501 |   0.0 |       0 |       7 |   0.0 |  1452
           D:5 |       0 |     379 |   0.0 |       0 |      12 |   0.0 |  1220
           D:6 |       0 |    1410 |   0.0 |       0 |      21 |   0.0 |  1084
           D:7 |       0 |    1559 |   0.0 |       0 |      31 |   0.0 |   876
           D:8 |       0 |    3284 |   0.0 |       0 |      43 |   0.0 |  1890
           D:9 |       0 |    4487 |   0.0 |       0 |      40 |   0.0 |  1911
          D:10 |       0 |    2095 |   0.0 |       0 |      21 |   0.0 |   931
          D:11 |       0 |    3844 |   0.0 |       0 |      39 |   0.0 |  1514
        Lair:1 |       0 |    6110 |   0.0 |       0 |      41 |   0.0 |  1509
        Lair:2 |       0 |     107 |   0.0 |       0 |       1 |   0.0 |    42
        Bailey |       0 |    2826 |   0.0 |       0 |      42 |   0.0 |  1383
         IceCv |       0 |     719 |   0.0 |       0 |       4 |   0.0 |   371
               +---------+---------+-------+---------+---------+-------+---------
